 Dungeon Crawl Stone Soup version 0.19.4-8-ga85b6b9 (webtiles) character file.

671 Kosschaser the Covert (level 7, -3/36 HPs)
             Began as a Vine Stalker Assassin on Feb 10, 2017.
             Slain by a hound (5 damage)
             ... on level 6 of the Dungeon.
             The game lasted 00:36:49 (4493 turns).

Kosschaser the Covert (Vine Stalker Assassin)       Turns: 4493, Time: 00:36:49

Health: -3/36      AC:  3    Str: 13    XL:     7   Next: 58%
Magic:  0/8        EV: 22    Int: 11    God:
Gold:   250        SH:  0    Dex: 23    Spells: 0 memorised, 6 levels left

rFire  . . .     SeeInvis .     a - +3 dagger
rCold  . . .     Gourm    .     c - +0 robe
rNeg   . . .     Faith    .     (no shield)
rPois  .         Spirit   +     (no helmet)
rElec  .         Reflect  .     d - +0 cloak
rCorr  .         Harm     .     (no gloves)
MR     .....                    (no boots)
Stlth  ++++++....               (no amulet)
                                t - +2 ring of evasion
                                r - +2 ring of evasion

@: agile
A: fangs 2, regeneration 1, magic shield, antimagic bite, no device heal 3, rot
immunity
a: no special abilities


You were on level 6 of the Dungeon.
You were not hungry.

You visited 2 branches of the dungeon, and saw 7 of its levels.

You collected 250 gold pieces.

Inventory:

Hand Weapons
 a - a +3 dagger (weapon)
 b - a +0 blowgun
Missiles
 e - 27 poisoned needles
 f - 2 curare-tipped needles
Armour
 c - a +0 robe (worn)
 d - a +0 cloak (worn)
Jewellery
 i - an uncursed ring of fire
 r - a +2 ring of evasion (left hand)
 t - a +2 ring of evasion (right hand)
 v - a +1 ring of protection {unknown}
Wands
 y - a wand of polymorph (17/24)
Scrolls
 n - 2 scrolls of magic mapping
 o - 2 scrolls of remove curse
 u - a scroll of enchant weapon
Potions
 g - a potion of ambrosia
 h - 5 potions of might
 j - a potion of agility
 l - a potion of magic {unknown}
 m - 3 potions of curing
Books
 p - Kikubaaqudgha's Incunabulum of Dark Magic
   (You found it on level 4 of the Dungeon)

   Spells                             Type                      Level
   a - Pain                           Necromancy                   1
 x - a book of Necromancy

   Spells                             Type                      Level
   a - Pain                           Necromancy                   1
   b - Animate Skeleton               Necromancy                   1
   c - Vampiric Draining              Necromancy                   3
   d - Regeneration                   Charms/Necromancy            3
   e - Animate Dead                   Necromancy                   4
   f - Control Undead                 Necromancy                   4
Comestibles
 k - 2 bread rations
 q - 3 meat rations
 s - a beef jerky
 w - 3 fruits
 z - a slice of pizza


   Skills:
 + Level 3.0 Fighting
 + Level 3.9 Short Blades
 + Level 2.2 Throwing
 + Level 1.8 Dodging
 + Level 9.0 Stealth


You had 6 spell levels left.
You didn't know any spells.

Dungeon Overview and Level Annotations

Branches:
Dungeon (6/15)             Temple (1/1) D:5

Altars:
Ashenzari
Elyvilon
Fedhas
Gozag
Hepliaklqana
Kikubaaqudgha
Nemelex Xobeh
Okawaru
Ru
Sif Muna
Uskayaw
Vehumet
Yredelemnul
Zin
The Shining One

Annotations:
D:6 Prince Ribbit


Innate Abilities, Weirdness & Mutations

You have extremely sharp teeth.
Your natural rate of healing is unusually fast.
When hurt, damage is shared between your health and your magic reserves.
Your bite disrupts and absorbs the magic of your enemies.
Potions and wands cannot restore your health.
You are immune to rotting.


Message History

You drain his magic.
Prince Ribbit is lightly wounded.
Prince Ribbit misses you.
You barely miss Prince Ribbit.
Prince Ribbit is lightly wounded.
Prince Ribbit hits you!
A hound comes into view.
Prince Ribbit hits you!
The hound barks!
Okay, then.
You feel agile all of a sudden. Prince Ribbit hits you!
* * * LOW HITPOINT WARNING * * *
You hit the hound.
The hound is lightly wounded.
Prince Ribbit falters for a moment.
The hound misses you.
You hit the hound. Your bite misses the hound.
The hound is lightly wounded.
The hound bites you.
You die...

.#
#......##.......##
.#
#.########.....##
#...## ##...## #.#
##'## #. #.######
. #.##...##
#.#####.#.....###
#.....hF.........
###...@.....####
##...#...##
##.###### #.# #.#
#.# #.# #.#
##.########


You could see Prince Ribbit and a hound.

Vanquished Creatures
  An orc warrior (D:6)
  A bullfrog (D:4)
  A scorpion (D:4)
  A wight (D:4)
  A howler monkey (D:5)
  A crimson imp (D:6)
  2 orc wizards (D:5)
  A centaur zombie (D:4)
  A bullfrog zombie (D:6)
  An iguana (D:5)
  A worker ant (D:6)
  A hound skeleton (D:4)
  2 gnolls (D:5)
  4 river rats (D:5)
  5 adders
  2 worms
  11 orcs
  9 bats
  5 giant cockroaches
  3 goblins (D:1)
  6 hobgoblins
  5 jackals
  2 quokkas
  A frilled lizard (D:4)
  3 kobolds (D:1)
  6 rats
  A plant (D:1)
78 creatures vanquished.

Notes
Turn   | Place    | Note
-------+----------+-------------------------------------------
     0 | D:1      | Kosschaser the Vine Stalker Assassin began the quest for the Orb.
     0 | D:1      | Reached XP level 1. HP: 11/11 MP: 2/2
    41 | D:1      | Reached skill level 5 in Stealth
   317 | D:1      | Reached XP level 2. HP: 15/15 MP: 3/3
  1110 | D:2      | Reached XP level 3. HP: 18/18 MP: 4/4
  1334 | D:2      | Found a hazy altar of Hepliaklqana.
  1873 | D:3      | Reached skill level 6 in Stealth
  1981 | D:3      | Found a glowing golden altar of the Shining One.
  2016 | D:3      | You fall through a shaft!
  2098 | D:4      | Reached skill level 1 in Dodging
  2098 | D:4      | Gained mutation: Your natural rate of healing is unusually fast. [Vine Stalker growth]
  2098 | D:4      | Reached XP level 4. HP: 11/23 MP: 3/5
  2137 | D:4      | Found a sparkling altar of Nemelex Xobeh.
  2301 | D:4      | Reached XP level 5. HP: 26/26 MP: 6/6
  2387 | D:4      | Reached skill level 7 in Stealth
  2458 | D:4      | Reached XP level 6. HP: 32/32 MP: 7/7
  2661 | D:4      | Found an ancient bone altar of Kikubaaqudgha.
  2661 | D:4      | Found a deep blue altar of Sif Muna.
  2663 | D:4      | Found a radiant altar of Vehumet.
  2666 | D:4      | Identified Kikubaaqudgha's Incunabulum of Dark Magic
  2809 | D:4      | Found a shattered altar of Ashenzari.
  2925 | D:4      | You fall through a shaft for 2 floors!
  3012 | D:5      | Entered Level 5 of the Dungeon
  3116 | D:5      | Reached skill level 8 in Stealth
  3411 | D:5      | Reached XP level 7. HP: 22/35 MP: 4/8
  3602 | D:5      | Found a staircase to the Ecumenical Temple.
  3606 | Temple   | Entered the Ecumenical Temple
  4349 | D:6      | Reached skill level 9 in Stealth
  4474 | D:6      | Noticed Prince Ribbit
  4491 | D:6      | HP: 1/36 [Prince Ribbit (14)]
  4493 | D:6      | Slain by a hound

Skill      XL: |  1  2  3  4  5  6  7 |
---------------+----------------------+-----
Stealth        | 5 6 7 8 9 |  9.0
Throwing       | 2 |  2.2
Short Blades   | 2 3 |  3.9
Fighting       | 2 3 |  3.0
Dodging        | 1 |  1.8

Action                   |  1- 3 |  4- 6 |  7- 9 || total
-------------------------+-------+-------+-------++-------
Melee: Dagger            |   188 |    89 |    42 ||   319
       Bite              |    58 |    28 |    12 ||    98
 Fire: Blowgun           |     1 |     1 |     5 ||     7
  Use: Scroll            |     7 |     7 |     1 ||    15
       Potion            |     1 |       |     1 ||     2
 Stab: Sleeping          |    11 |     8 |     2 ||    21
       Distracted        |       |     1 |     1 ||     2
  Eat: Bread ration      |     1 |     1 |     1 ||     3
Armor: Robe              |    42 |     6 |     2 ||    50
Dodge: Dodged            |    54 |    32 |    18 ||   104
